Map: Ephemeron LE

Players

lllllllllll (sOs) - Winner!

  • Race: Protoss Protoss
  • League: Grandmaster
  • Spawn Location: 5:00

RiSky

  • Race: Zerg Zerg
  • Spawn Location: 11:00

VOD

Have the link to the VOD?

Description

Time

  • Played on: Jan. 15, 2020, 5:38 a.m.
  • Length: 5:22
Show
View Real Time Build Order
Export as new Build Order

lllllllllll Protoss - Winner!

Build Orders: 1 Gate Expand, Dark Templar Rush 

Get SALT Encoding   

  12  0:00  Probe  
  13  0:12  Probe  
  14  0:19  Pylon  
  14  0:24  Probe  
  15  0:37  Probe (Chrono Boost)  
  15  0:42  Gateway  
  16  0:47  Probe (Chrono Boost), Assimilator  
  17  0:52  Probe (Chrono Boost)  
  18  1:03  Probe  
  19  1:15  Probe  
  20  1:24  Nexus  
  20  1:34  Cybernetics Core  
  20  1:37  Probe  
  21  1:41  Assimilator  
  21  1:49  Probe  
  21  1:52  Pylon  
  22  2:02  Probe  
  23  2:08  Adept (Chrono Boost)  
  23  2:11  Warp Gate  
  23  2:14  Probe  
  26  2:26  Probe (Chrono Boost)  
  27  2:31  Stalker  
  27  2:34  Twilight Council  
  29  2:38  Probe (Chrono Boost)  
  31  2:44  Probe (Chrono Boost)  
  31  2:47  Probe (Chrono Boost)  
  33  2:51  Probe (Chrono Boost)  
  33  2:52  Probe (Chrono Boost)  
  33  2:57  Robotics Facility  
  34  3:02  Probe  
  35  3:08  Probe  
  36  3:15  Dark Shrine  
  36  3:16  Probe  
  37  3:20  Probe  
  38  3:30  Gateway  
  38  3:31  Gateway  
  38  3:36  Gateway  
  38  3:41  Warp Prism (Chrono Boost)  
  38  3:47  Probe x2  
  42  3:50  Assimilator  
  42  3:53  Assimilator  
  42  3:58  Pylon  
  42  3:59  Probe (Chrono Boost)  
  44  4:05  Adept  
  44  4:06  Probe (Chrono Boost)  
  46  4:14  Probe (Chrono Boost)  
  46  4:16  Probe (Chrono Boost)  
  48  4:17  Pylon  
  48  4:30  Dark Templar x3  
  54  4:35  Probe x2  
  54  4:37  Dark Templar  
  54  4:47  Shield Battery  
  54  4:59  Shield Battery  
  54  5:04  Dark Templar x2  
  58  5:14  Dark Templar  
Show
View Real Time Build Order
Export as new Build Order

RiSky Zerg 

Build Orders: Hatch First 

Get SALT Encoding   

  12  0:00  Drone  
  13  0:12  Overlord  
  13  0:17  Drone  
  14  0:30  Drone  
  15  0:44  Hatchery  
  15  0:49  Drone  
  15  0:52  Drone  
  15  0:55  Drone  
  17  1:00  Drone  
  18  1:09  Extractor  
  17  1:16  Spawning Pool  
  16  1:18  Drone  
  16  1:22  Drone  
  18  1:32  Drone  
  19  1:42  Drone  
  20  1:54  Overlord  
  20  1:56  Drone  
  21  2:03  Queen x2  
  21  2:04  Zergling x2  
  26  2:09  Zergling x2  
  26  2:15  Metabolic Boost  
  27  2:18  Drone x2  
  29  2:26  Drone  
  29  2:28  Drone  
  31  2:41  Hatchery  
  30  2:44  Drone  
  30  2:48  Queen  
  32  2:53  Overlord  
  32  2:56  Drone  
  32  2:58  Drone  
  34  3:01  Drone  
  35  3:11  Drone  
  36  3:15  Drone x2  
  36  3:16  Drone  
  36  3:17  Drone x2  
  40  3:23  Drone  
  40  3:24  Overlord  
  41  3:32  Roach Warren, Overlord  
  40  3:40  Extractor  
  39  3:41  Extractor  
  39  3:43  Drone  
  39  3:48  Drone x2  
  41  3:49  Drone x2  
  41  3:50  Drone  
  41  3:53  Drone  
  45  3:57  Overlord  
  45  4:09  Overlord x2  
  45  4:12  Roach  
  45  4:13  Roach x4  
  45  4:17  Roach  
  56  4:19  Zergling x4  
  56  4:21  Roach x2  
  62  4:24  Roach  
  62  4:27  Roach  
  62  4:29  Zergling x2  
  67  4:36  Zergling x4  
  67  4:41  Zergling x6  
  67  4:44  Spore Crawler  
  67  4:45  Spore Crawler  
Tags
 
Add a new tag
Caveats
  • Supply blocks, unpowered buildings, or Contaminate may cause inaccurate times.
  • Supply counts are checked every 10 seconds.